 Dungeon Crawl Stone Soup version 0.30-a0-879-ga8ba668304 (webtiles) character file.

Game seed: 7860919857220828452

70 Rocko1345 the Grasshopper (level 4, 0/38 HPs)
             Began as a Gnoll Warper on Mar 12, 2023.
             Slain by Natasha (6 damage)
             ... on level 2 of the Dungeon.
             The game lasted 00:05:29 (1976 turns).

Rocko1345 the Grasshopper (Gnoll Warper)            Turns: 1976, Time: 00:05:30

Health: 0/38       AC:  3    Str: 10    XL:     4   Next: 22%
Magic:  10/11      EV: 13    Int: 12    God:
Gold:   108        SH:  0    Dex: 14    Spells: 11/13 levels left

rFire   . . .      SeeInvis .    h - +3 dagger
rCold   . . .      Faith    .    (no shield)
rNeg    . . .      Spirit   .    b - +0 leather armour
rPois   .          Reflect  .    (no helmet)
rElec   .          Rampage  .    (no cloak)
rCorr   .                        (no gloves)
Will    .....                    (no boots)
Stlth   +                        (no amulet)
HPRegen 0.26/turn                (no ring)
MPRegen 0.12/turn                (no ring)

@: slowed, very slow
A: fangs 1, strong nose, distributed training
a: no special abilities


You were on level 2 of the Dungeon.
You visited 1 branch of the dungeon, and saw 2 of its levels.

You collected 108 gold pieces.

Inventory:

Hand Weapons
 a - a +0 falchion
 e - a +0 mace
 h - a +3 dagger (weapon)
 l - a +0 sling
 q - a +0 war axe
Armour
 b - a +0 leather armour (worn)
 p - a +0 chain mail
Jewellery
 r - a ring of ice
Scrolls
 c - a scroll of blinking
 d - a scroll of identify
 g - a scroll of fog {unknown}
 m - a scroll of magic mapping {unknown}
 o - a scroll of brand weapon {unknown}
 s - a scroll of summoning {unknown}
Potions
 f - 2 potions of haste
 i - 2 potions of degeneration {unknown}
 j - a potion of curing {unknown}
 k - a potion of mutation
 n - a potion of brilliance {unknown}
 t - a potion of invisibility {unknown}
 u - a potion of flight {unknown}


   Skills:
 + Level 4.6 Fighting
 + Level 1.1 Short Blades
 + Level 4.6 Long Blades
 + Level 1.1 Axes
 + Level 1.1 Maces & Flails
 + Level 1.1 Polearms
 + Level 1.1 Staves
 + Level 1.1 Ranged Weapons
 + Level 2.7 Throwing
 + Level 2.7 Armour
 + Level 4.6 Dodging
 + Level 1.1 Stealth
 + Level 1.1 Shields
 + Level 1.1 Unarmed Combat
 + Level 5.1 Spellcasting
 + Level 0.9 Conjurations
 + Level 0.9 Hexes
 + Level 0.9 Summonings
 + Level 0.9 Necromancy
 + Level 5.4 Translocations
 + Level 0.9 Transmutations
 + Level 0.9 Fire Magic
 + Level 0.9 Ice Magic
 + Level 0.9 Air Magic
 + Level 0.9 Earth Magic
 + Level 0.9 Poison Magic
 + Level 1.2 Invocations
 + Level 1.1 Evocations


You had 11 spell levels left.
You knew the following spells:

 Your Spells              Type           Power      Damage    Failure   Level
a - Blink                 Tloc           32%        N/A       4%          2

Your spell library contained the following spells:

 Spells                   Type           Power      Damage    Failure   Level
 Lesser Beckoning         Tloc           32%        N/A       4%          2
 Teleport Other           Tloc           16%        N/A       9%          3
 Vhi's Electric Charge    Tloc/Air       20%        N/A       22%         3
 Manifold Assault         Tloc           16%        N/A       26%         4


Dungeon Overview and Level Annotations

Branches:
Dungeon (2/15)

Altars:
Uskayaw

Shops:
D:2 (

Annotations:
D:2 Natasha


Innate Abilities, Weirdness & Mutations

You have very sharp teeth.
Your uncanny sense of smell can sniff out nearby items.
Your experience applies equally to all skills.


Message History

Confirm with . or Enter, or press ? or * to list all spells.
You blink.
A frilled lizard comes into view.
The frilled lizard hisses angrily.
Natasha claws you.
You hit Natasha but do no damage. Your bite misses Natasha. Natasha claws you.
You hit Natasha.
Natasha is moderately wounded.
The rat misses you. Natasha casts a spell at you.
You feel yourself slow down.
You closely miss Natasha. You bite Natasha, but do no damage.
Natasha is moderately wounded.
The rat bites you.
The frilled lizard bites you but does no damage.
Natasha casts a spell at you. The magic dart hits you! The rat bites you.
The frilled lizard closely misses you.
A kobold comes into view.
It is wielding a +2 short sword of protection.
You feel stable enough to blink again.
The kobold shouts!
Natasha claws you but does no damage. Natasha attacks as you move away!
Natasha completely misses you. The rat bites you.
The kobold closely misses you.
You hit the kobold but do no damage. You bite the kobold, but do no damage.
Natasha misses you. The rat bites you but does no damage.
The kobold hits you with a +2 short sword of protection.
Natasha mumbles some strange words.
You closely miss the kobold. The kobold closely misses you. The rat misses you.
Natasha closely misses you.
The iron imp picks up a beetle and eats it.
The rat bites you.
* * * LOW HITPOINT WARNING * * *
The kobold hits you with a +2 short sword of protection.
* * * LOW HITPOINT WARNING * * *
You hit the kobold.
The kobold is moderately wounded.
Natasha barely misses you. The kobold misses you. The rat misses you.
Natasha claws you.
You die...

......## #.# #.#.#
#.###.####.#######
.######.#.####
#.##.............#
..............
#..........### #.#
.######.#.####
#.#####.##.# #.# .# #.#.#
#.# #.##.# #.# .######.#.#
#.# ###.##.# #.#
........#.# #.#
#......#####K##...######.#
#...........@rl....... ..#
................h5...####
### ####.....#############
#.....# #######


You could see an iron imp (summoned), Natasha, a kobold, a frilled lizard and a
rat.

Vanquished Creatures
  Terence (D:2)
  3 bats (D:2)
  3 endoplasms
  3 goblins
  4 hobgoblins
  7 jackals
  9 kobolds
  5 ball pythons
  4 frilled lizards
  3 rats (D:1)
42 creatures vanquished.

Notes
Turn   | Place    | Note
-------+----------+-------------------------------------------
     0 | D:1      | Rocko1345 the Gnoll Warper began the quest for the Orb.
     0 | D:1      | Reached XP level 1. HP: 20/20 MP: 6/6
   199 | D:1      | Reached XP level 2. HP: 11/26 MP: 7/7
   829 | D:1      | Reached skill level 5 in Spellcasting
   829 | D:1      | Reached XP level 3. HP: 31/31 MP: 7/9
  1294 | D:2      | Noticed Terence
  1309 | D:2      | Killed Terence
  1310 | D:2      | Reached skill level 1 in Short Blades
  1310 | D:2      | Reached skill level 1 in Axes
  1310 | D:2      | Reached skill level 1 in Maces & Flails
  1310 | D:2      | Reached skill level 1 in Polearms
  1310 | D:2      | Reached skill level 1 in Staves
  1310 | D:2      | Reached skill level 1 in Ranged Weapons
  1310 | D:2      | Reached skill level 1 in Stealth
  1310 | D:2      | Reached skill level 1 in Shields
  1310 | D:2      | Reached skill level 1 in Unarmed Combat
  1310 | D:2      | Reached skill level 1 in Invocations
  1310 | D:2      | Reached skill level 1 in Evocations
  1386 | D:2      | Found Uxuts's Antique Weapon Shoppe.
  1439 | D:2      | Reached XP level 4. HP: 38/38 MP: 11/11
  1591 | D:2      | Found a hide-covered altar of Uskayaw.
  1730 | D:2      | Learned a level 2 spell: Blink
  1967 | D:2      | Noticed Natasha
  1976 | D:2      | Slain by Natasha

Illustrated notes

Levels and vault maps discovered:
D:1:      spicycebolla_arrival_transporter_tutorial, layout_basic,
          grunt_decor_cap, minmay_misc_feat_hallway
D:2:      minmay_wonky_spiral, layout_loops_ring, basic_altar, serial_shops,
          nicolae_shop_hallway_plus, grunt_ministairs_6, uniq_natasha,
          uniq_terence

Skill      XL: |  1  2  3 |
---------------+----------+-----
Spellcasting   | 5 |  5.1
Short Blades   | 1 |  1.1
Axes           | 1 |  1.1
Maces & Flails | 1 |  1.1
Polearms       | 1 |  1.1
Staves         | 1 |  1.1
Ranged Weapons | 1 |  1.1
Stealth        | 1 |  1.1
Shields        | 1 |  1.1
Unarmed Combat | 1 |  1.1
Invocations    | 1 |  1.2
Evocations     | 1 |  1.1
Fighting       | |  4.6
Long Blades    | |  4.6
Throwing       | |  2.7
Armour         | |  2.7
Dodging        | |  4.6
Conjurations   | |  0.9
Hexes          | |  0.9
Summonings     | |  0.9
Necromancy     | |  0.9
Translocations | |  5.4
Transmutations | |  0.9
Fire Magic     | |  0.9
Ice Magic      | |  0.9
Air Magic      | |  0.9
Earth Magic    | |  0.9
Poison Magic   | |  0.9

Action                     |  1- 3 |  4- 6 || total
---------------------------+-------+-------++-------
  Melee: Falchion          |    19 |       ||    19
         Dagger            |   109 |    35 ||   144
         Bite              |     9 |     6 ||    15
         Punch             |     2 |       ||     2
  Throw: Boomerang         |     2 |     5 ||     7
   Cast: Blink             |       |     2 ||     2
    Use: Scroll            |     2 |       ||     2
   Stab: Sleeping          |     1 |       ||     1
 Armour: Leather armour    |    26 |    13 ||    39
  Dodge: Dodged            |    94 |    20 ||   114

Table legend: (Time is in decaauts)
 A = Elapsed time spent in this place.
 B = Non-inter-level travel time spent in this place.
 C = Inter-level travel time spent in this place.
 D = Time resting spent in this place.
 E = Time spent auto-exploring this place.
 F = Levels seen in this place.
 G = Mean time per level.
                   A        B        C        D        E       F      G
               +--------+--------+--------+--------+--------+-----+--------+
         Total |   1978 |   1978 |      0 |    345 |   1156 |   2 |  989.0 |
       Dungeon |   1978 |   1978 |      0 |    345 |   1156 |   2 |  989.0 |
               +--------+--------+--------+--------+--------+-----+--------+

Top non-repeatable levels by time:
     D:1: 1181 daAuts
     D:2: 796 daAuts
